 Dungeon Crawl Stone Soup version 0.17-a0-1210-g1e4f09d (webtiles) character file.

17882 tinkerttoy the Unseen (level 12, -10/81 HPs)
             Began as a Spriggan Enchanter on June 5, 2015.
             Was a High Priest of Dithmenos.
             Mangled by an eight-headed hydra (11 damage)
             ... on level 14 of the Dungeon.
             The game lasted 00:51:04 (14990 turns).

tinkerttoy the Unseen (Spriggan Enchanter)         Turns: 14990, Time: 00:51:04

Health: -10/81     AC:  5    Str: 18 (19) XL:     12   Next: 22%
Magic:  16/28      EV: 27    Int: 16      God:    Dithmenos [*****.]
Gold:   589        SH:  0    Dex: 20      Spells: 4 memorised, 24 levels left

rFire  . . .     SeeInvis +     a - +3 dagger (venom)
rCold  . . .     Clarity  .     t - +2 robe {MR+}
rNeg   . . .     SustAt   .     (shield restricted)
rPois  .         Gourm    .     (helmet restricted)
rElec  .         Spirit   .     f - +0 cloak "Ronuuchy" {Str+7}
rCorr  .         Warding  .     (gloves unavailable)
rMut   .         Stasis   .     (boots unavailable)
MR     +++..                    (no amulet)
Stlth  ..........               K - +2 ring of evasion
                                v - +3 ring of strength

@: berserking, wreathed by umbra, very quick, extremely resistant to hostile
enchantments, extremely unstealthy
A: unfitting armour, see invisible, deterioration 1, dopey 1, herbivore 3, speed
3, slow metabolism 2, spit poison 1, subdued magic 1
a: Spit Poison, Shadow Step, Shadow Form, Renounce Religion


You were on level 14 of the Dungeon.
You worshipped Dithmenos.
Dithmenos was extremely pleased with you.
You were full.

You visited 2 branches of the dungeon, and saw 15 of its levels.

You collected 805 gold pieces.
You spent 216 gold pieces at shops.

Inventory:

Hand weapons
 a - a +3 dagger of venom (weapon)
 b - a +0 blowgun
Missiles
 m - 11 curare-tipped needles
 p - 56 poisoned needles
Armour
 f - the +0 cloak "Ronuuchy" (worn) {Str+7}
   (You found it on level 6 of the Dungeon)

   It affects your strength (+7).
 t - a +2 robe of magic resistance (worn)
Jewellery
 n - an uncursed ring of wizardry
 v - a +3 ring of strength (left hand)
 B - an uncursed ring of magical power
 G - an uncursed ring of flight
 K - a +2 ring of evasion (right hand)
Magical devices
 k - a wand of frost (31)
 o - a wand of cold (4)
 u - a wand of cold (7)
 w - a wand of disintegration (20)
 y - a wand of random effects (18)
 A - a wand of invisibility (6)
 F - a wand of disintegration (12)
 J - a wand of polymorph (7)
Scrolls
 e - 6 scrolls of remove curse
 g - 8 scrolls of teleportation
 i - 4 scrolls of enchant weapon
 l - 3 scrolls of fear
 q - 2 scrolls of fog
 s - 2 scrolls of enchant armour
 z - a scroll of blinking
 D - 3 scrolls of identify
 O - a scroll of recharging
Potions
 h - 4 potions of curing
 r - a potion of resistance
 x - 3 potions of ambrosia
 E - a potion of agility
 H - 2 potions of heal wounds
 I - 2 potions of berserk rage
 L - a potion of flight
 M - 3 potions of brilliance
 P - a potion of invisibility
Books
 c - a book of Maledictions

   Spells                             Type                      Level
   a - Corona                         Hexes                        1
   b - Ensorcelled Hibernation        Hexes/Ice                    2
   c - Confuse                        Hexes                        3
   d - Tukima's Dance                 Hexes                        3
   e - Dazzling Spray                 Conjuration/Hexes            3
Comestibles
 d - 9 bread rations
 j - 3 fruits
 C - 6 royal jellies


   Skills:
 + Level 2.3 Fighting
 + Level 4.8 Short Blades
 + Level 1.5 Throwing
 + Level 8.4 Dodging
 + Level 18.6 Stealth
 + Level 11.1 Spellcasting
 + Level 10.3 Hexes
 + Level 4.8 Ice Magic


You had 24 spell levels left.
You knew the following spells:

 Your Spells              Type           Power        Failure   Level  Hunger
a - Corona                Hex            ####...      0%          1    None
b - Ensorcelled Hibernat  Hex/Ice        ###...       1%          2    None
c - Confuse               Hex            ####....     1%          3    None
d - Dazzling Spray        Conj/Hex       ###.....     1%          3    None


Dungeon Overview and Level Annotations

Branches:
Dungeon (14/15)            Temple (1/1) D:4             Orc (0/4) D:12
   Lair: D:8-11      Vaults: D:13-14

Altars:
Ashenzari
Cheibriados
Dithmenos
Elyvilon
Fedhas
Gozag
Kikubaaqudgha
Okawaru
Qazlal
Sif Muna
Trog
Xom
Yredelemnul
Zin
The Shining One

Shops:
D:4 ?

Annotations:
D:7 Menkaure
D:11 MegaGrubby's ghost, powerful HOFi


Innate Abilities, Weirdness & Mutations

You are tiny and cannot use many weapons and most armour.
You have supernaturally acute eyesight.
You are a herbivore.
You cover ground extremely quickly.
You need consume almost no food.
Your body sometimes deteriorates upon taking damage.
You are dopey. (Int -2)
You can spit weak poison.
Your spells are a little easier to cast, but a little less powerful.


Message History

The eight-headed hydra bites you but does no damage.
The eight-headed hydra misses you.
The eight-headed hydra completely misses you.
The eight-headed hydra bites you!
The eight-headed hydra completely misses you.
The eight-headed hydra barely misses you.
The eight-headed hydra completely misses you.
The eight-headed hydra bites you!
* * * LOW HITPOINT WARNING * * *
The skeletal warrior hits you from afar with a glaive.
* * * LOW HITPOINT WARNING * * *
You puncture the eight-headed hydra!
The eight-headed hydra is lightly wounded.
Your shadow hits the eight-headed hydra but does no damage.
The eight-headed hydra bites you!
* * * LOW HITPOINT WARNING * * *
The eight-headed hydra misses you.
The eight-headed hydra closely misses you.
The eight-headed hydra bites you!
You die...

######## ###......#
######## #........#
####......# #......#
#..'..>...# #...)..#
#.##......# #......#
#.##......#
#......#####.##......####
#......D@.z..##......'...
+#
#.....(########......###.
.# ###.#### #.)....# ##
#.# #.## ##'##### .. #..#
#.# .## ##.# #.# ..# #.#
#.## ..# #.# #..#######
..# #.# ######....<..<.


You could see an eight-headed hydra and a skeletal warrior.

Vanquished Creatures
  A vault guard (D:13)
  A hydra (D:12)
  Harold (D:10)
  A centaur warrior (D:14)
  Sonja (D:11)
  2 skeletal warriors (D:12)
  2 unseen horrors
  3 hill giants
  An oklob plant (D:7)
  A manticore (D:11)
  Joseph (D:7)
  A gargoyle (D:11)
  An efreet (D:14)
  2 trolls
  2 two-headed ogres
  A deep elf mage (D:11)
  3 yaks (D:12)
  3 hungry ghosts
  2 hippogriffs (D:11)
  2 soldier ants
  A steam dragon (D:14)
  2 vampire mosquitoes (D:13)
  Edmund (D:6)
  A spider (D:9)
  A black bear (D:8)
  4 sky beasts
  A wasp (D:9)
  3 ice beasts
  5 orc warriors
  7 centaurs
  8 ogres
  3 phantoms
  A big kobold (D:11)
  8 giant frogs
  A brain worm (D:9)
  2 gnoll sergeants
  A wyvern skeleton (D:11)
  A scorpion (D:7)
  10 killer bees
  5 wights (D:7)
  2 quasits (D:14)
  A giant frog zombie (D:7)
  A centaur zombie (D:9)
  3 jellies
  10 crimson imps
  6 orc priests
  2 centaur skeletons
  3 giant frog skeletons
  7 hounds
  9 orc wizards
  4 iguanas
  11 worker ants
  A hound zombie (D:5)
  2 hound skeletons (D:5)
  15 adders
  8 gnolls
  2 shadow imps
  3 oozes
  2 adder skeletons
  3 adder zombies
  5 worms
  4 giant geckos
  41 orcs
  6 giant cockroaches
  18 hobgoblins
  4 jackals
  8 quokkas
  4 ball pythons
  A ball python skeleton (D:5)
  14 bats
  5 giant newts
  11 goblins
  19 kobolds
  A quokka skeleton (D:8)
  10 rats
344 creatures vanquished.

Vanquished Creatures (collateral kills)
  A crimson imp (D:14)
1 creature vanquished.

Grand Total: 345 creatures vanquished

Notes
Turn   | Place    | Note
--------------------------------------------------------------
     0 | D:1      | tinkerttoy the Spriggan Enchanter began the quest for the Orb.
     0 | D:1      | Reached XP level 1. HP: 9/9 MP: 5/5
     0 | D:1      | Noticed a red draconian
     0 | D:1      | Noticed a shadow dragon
     1 | D:1      | Noticed an orb of fire
     3 | D:1      | Noticed a tentacled monstrosity
     3 | D:1      | Noticed a white draconian
     6 | D:1      | Noticed a golden dragon
     8 | D:1      | Noticed a large abomination
    10 | D:1      | Noticed an orb of fire
    10 | D:1      | Noticed a purple draconian
    12 | D:1      | Noticed an iron dragon
    12 | D:1      | Noticed an iron dragon
    16 | D:1      | Noticed a green draconian
    16 | D:1      | Noticed a white draconian
    18 | D:1      | Noticed an ice dragon
   189 | D:1      | Reached skill level 5 in Stealth
   424 | D:1      | Reached XP level 2. HP: 13/13 MP: 6/6
   809 | D:1      | Learned a level 2 spell: Ensorcelled Hibernation
  1585 | D:2      | Reached XP level 3. HP: 12/16 MP: 5/8
  2199 | D:3      | Learned a level 3 spell: Confuse
  2214 | D:3      | Reached skill level 6 in Stealth
  2258 | D:3      | Reached XP level 4. HP: 21/21 MP: 9/9
  2496 | D:3      | Found a blossoming altar of Fedhas.
  3230 | D:3      | Learned a level 3 spell: Dazzling Spray
  3257 | D:4      | Reached skill level 1 in Ice Magic
  3257 | D:4      | Reached XP level 5. HP: 24/24 MP: 11/11
  3354 | D:4      | Found a staircase to the Ecumenical Temple.
  3382 | Temple   | Entered the Ecumenical Temple
  3419 | Temple   | Became a worshipper of Dithmenos the Shadowed
  3541 | D:4      | Found Suskuzau's Magic Scroll Shop.
  3541 | D:4      | Noticed an ogre
  3555 | D:4      | Killed an ogre
  3555 | D:4      | Reached skill level 7 in Stealth
  3555 | D:4      | Reached XP level 6. HP: 27/29 MP: 1/12
  3636 | D:4      | Bought a scroll of enchant armour for 90 gold pieces
  3636 | D:4      | Bought a scroll of enchant weapon for 90 gold pieces
  3636 | D:4      | Bought a scroll of teleportation for 36 gold pieces
  3644 | D:4      | Found a snail-covered altar of Cheibriados.
  3644 | D:4      | Found an opulent altar of Gozag.
  3647 | D:4      | Found a glowing silver altar of Zin.
  3892 | D:4      | Reached skill level 8 in Stealth
  4225 | D:4      | Noticed an ogre
  4232 | D:4      | Killed an ogre
  4304 | D:5      | Entered Level 5 of the Dungeon
  4525 | D:5      | Reached skill level 9 in Stealth
  4525 | D:5      | Reached XP level 7. HP: 26/32 MP: 3/14
  5022 | D:5      | Reached skill level 5 in Dodging
  5022 | D:5      | Reached skill level 5 in Spellcasting
  5168 | D:5      | Reached skill level 5 in Hexes
  5298 | D:5      | Reached skill level 1 in Fighting
  5298 | D:5      | Reached skill level 10 in Stealth
  5480 | D:5      | Reached XP level 8. HP: 37/37 MP: 7/17
  5876 | D:5      | Acquired Dithmenos's first power
  6098 | D:5      | Found an iron altar of Okawaru.
  6098 | D:5      | Found a bloodstained altar of Trog.
  6758 | D:6      | Reached skill level 11 in Stealth
  7210 | D:6      | Noticed Edmund
  7220 | D:6      | Killed Edmund
  7263 | D:6      | Reached XP level 9. HP: 41/41 MP: 20/20
  7286 | D:6      | Acquired Dithmenos's second power
  7309 | D:6      | Got a polished cloak
  7310 | D:6      | Identified the +0 cloak "Ronuuchy" {Str+7} (You found it on level 6 of the Dungeon)
  7539 | D:7      | Noticed Menkaure
  7973 | D:7      | Reached skill level 12 in Stealth
  8014 | D:7      | Found a glowing golden altar of the Shining One.
  8035 | D:7      | Noticed an oklob plant
  8095 | D:7      | Killed an oklob plant
  8285 | D:7      | Noticed Joseph
  8289 | D:7      | Killed Joseph
  8289 | D:7      | Reached skill level 13 in Stealth
  8694 | D:8      | Found a shattered altar of Ashenzari.
  8906 | D:8      | Reached XP level 10. HP: 46/46 MP: 10/22
  8917 | D:8      | Reached skill level 14 in Stealth
  9070 | D:8      | Noticed a hill giant
  9081 | D:8      | Killed a hill giant
  9081 | D:8      | Acquired Dithmenos's third power
  9252 | D:8      | Found a glowing golden altar of the Shining One.
  9653 | D:9      | Gained mutation: You are clumsy. (Dex -2) [potion of mutation]
  9653 | D:9      | Gained mutation: Your spells are a little easier to cast, but a little less powerful. [potion of mutation]
  9653 | D:9      | Gained mutation: Your body sometimes deteriorates upon taking damage. [potion of mutation]
  9654 | D:9      | Lost mutation: You are clumsy. (Dex -2) [potion of mutation]
  9654 | D:9      | Gained mutation: You are dopey. (Int -2) [potion of mutation]
  9654 | D:9      | Gained mutation: You can spit weak poison. [potion of mutation]
  9706 | D:9      | Got a thick robe
  9717 | D:9      | Identified the +0 robe of Indomitability {*Contam Str+3 Int+4} (You found it on level 9 of the Dungeon)
  9855 | D:9      | Found a deep blue altar of Sif Muna.
 10086 | D:9      | Reached skill level 15 in Stealth
 10290 | D:10     | Entered Level 10 of the Dungeon
 10427 | D:10     | Found a white marble altar of Elyvilon.
 10788 | D:10     | Noticed Harold
 10796 | D:10     | Killed Harold
 10796 | D:10     | Reached skill level 16 in Stealth
 10912 | D:10     | Noticed an unseen horror
 10916 | D:10     | Killed an unseen horror
 10959 | D:10     | Reached XP level 11. HP: 50/50 MP: 25/25
 11398 | D:11     | Noticed MegaGrubby's ghost (powerful HOFi)
 11674 | D:11     | Noticed Sonja
 11676 | D:11     | Noticed a hill giant
 11682 | D:11     | Killed Sonja
 11688 | D:11     | Killed a hill giant
 12201 | D:11     | Acquired Dithmenos's fourth power
 12258 | D:11     | Noticed an unseen horror
 12262 | D:11     | Killed an unseen horror
 12387 | D:11     | Reached skill level 17 in Stealth
 12618 | D:11     | Reached skill level 10 in Spellcasting
 12922 | D:11     | Noticed a hill giant
 12943 | D:11     | Killed a hill giant
 13048 | D:12     | Found a staircase to the Orcish Mines.
 13171 | D:12     | Noticed a skeletal warrior
 13171 | D:12     | Noticed a skeletal warrior
 13215 | D:12     | Noticed a skeletal warrior
 13215 | D:12     | Noticed a skeletal warrior
 13216 | D:12     | Killed a skeletal warrior
 13217 | D:12     | Killed a skeletal warrior
 13221 | D:12     | Noticed a skeletal warrior
 13637 | D:12     | Noticed a four-headed hydra
 13639 | D:12     | Killed a four-headed hydra
 13721 | D:12     | Reached skill level 10 in Hexes
 13740 | D:12     | Reached skill level 1 in Throwing
 13741 | D:12     | Reached skill level 18 in Stealth
 13893 | D:13     | Found a shimmering altar of Xom.
 13996 | D:13     | Noticed a vault guard
 14000 | D:13     | Noticed a vault guard
 14055 | D:13     | Killed a vault guard
 14055 | D:13     | Reached XP level 12. HP: 46/54 MP: 21/27
 14266 | D:13     | Noticed an unseen horror
 14952 | D:14     | Noticed a centaur warrior
 14963 | D:14     | Killed a centaur warrior
 14980 | D:14     | Noticed an eight-headed hydra
 14990 | D:14     | HP: 1/81 [eight-headed hydra (11)]
 14990 | D:14     | Mangled by an eight-headed hydra

Vault maps used:
D:1:      shiori_arrival_whats_in_store_for_you
D:2:      serial_co_window_serial, co_window_paths_a, co_window_corner_a,
          co_window_corner_a, co_window_paths_a, co_window_of_opportunity_a,
          co_window_of_opportunity_b, co_window_corner_b,
          co_window_of_opportunity_c, co_window_broadway_a, glass_columns_b
D:3:      fedhas_altar_2
D:4:      grunt_temple_overflow_open, minmay_temple_entry_glass, serial_shops,
          shop, minmay_misc_feat_iff, minmay_strange_pillars
D:5:      grunt_temple_overflow_bloody_war, first_bread,
          hangedman_minor_gate_pass
D:6:      nicolae_ossuary_entry_plus, uniq_edmund
D:7:      lemuel_oklob_altar, uniq_menkaure, uniq_joseph
D:8:      evilmike_ruin_ashenzari, grunt_temple_overflow_diamond,
          david_lair_shrubbed, serial_bayou, serial_bayou_ford_a,
          serial_bayou_lagoon_b, serial_bayou_pond_d, serial_bayou_lagoon_a,
          basic_altar
D:9:      nicolae_overflow_crystal_walls, hangedman_pestilent_swarm
D:10:     basic_altar, kennysheep_windowed_goal, uniq_harold
D:11:     hangedman_abyss_or_decor_passed, uniq_sonja
D:12:     david_orc_3, nicolae_twisting_strands
D:13:     lightli_vaults_fourway_checkpoint, basic_altar
D:14:     hangedman_decor_diamond_cutter
Temple:   circular_temple_pool_8

Action                   |  1- 3 |  4- 6 |  7- 9 | 10-12 || total
-------------------------+-------+-------+-------+-------++-------
Melee: Dagger            |   110 |   113 |   244 |   227 ||   694
 Fire: Blowgun           |       |       |       |    14 ||    14
 Cast: Ensorcelled Hiber |     5 |    32 |    75 |   116 ||   228
       Corona            |     3 |     3 |     1 |     1 ||     8
       Confuse           |       |       |    27 |    33 ||    60
  Use: Scroll            |       |    11 |     4 |     8 ||    23
       Potion            |       |       |     7 |    11 ||    18
 Stab: Sleeping          |    20 |    32 |    72 |   105 ||   229
       Confused          |       |       |    12 |    14 ||    26
       Distracted        |       |       |     5 |     1 ||     6
  Eat: Fruit             |       |     2 |     2 |     1 ||     5
       Pizza             |       |     1 |       |       ||     1
       Royal jelly       |       |       |     1 |     3 ||     4
       Bread ration      |       |       |     1 |       ||     1
